AoeStats
← mmpkitos

Arena

509830130Analyzed
4v4 RM · 3d ago on Sep 28, 2026· 49m 23s· 8 players
Game mode
Random Map
Map size
Large (8 player)
Population
200
Speed
Normal
Resources
Standard
Victory
Conquest
Starting age
Dark Age
Ending age
Imperial Age
RankedLock teamsTeams togetherTeam positionsShared explorationLock speedFull tech treeHidden civsTurbo modeCheats
Victory
Defeat
🇲🇽 Wei · Mexico
890
+14
🇦🇺 Gurjaras · Australia
871
+15
🇨🇳 Magyars · China
858
+16
🇹🇼 Saxons · Taiwan
776
+20
🇺🇸 Lithuanians · United States
870
-17
🇺🇸 Portuguese · United States
854
-16
🇸🇪 Franks · Sweden
840
-16
🇪🇸 Britons · Spain
837
-16
T.S | Mo
2:15 Loom
15:16 Feudal Age
16:23 Stone Mining
16:23 Gold Mining
16:14 Horse Collar
16:21 Double-Bit Axe
29:11 Castle Age
29:37 Scale Mail Armor
29:47 Forging
29:28 Fletching
29:04 Man-at-Arms
29:30 Arson
29:33 Man-at-Arms
29:58 Arson
30:16 Heavy Plow
30:19 Caravan
30:30 Bow Saw
31:43 Wheelbarrow
32:03 Stone Shaft Mining
31:46 Fervor
30:59 Pikeman
31:40 Squires
31:46 Treadmill Crane
32:02 Murder Holes
32:17 Masonry
35:39 Imperial Age
37:35 Conscription
37:35 Cavalier
39:09 Architecture
39:04 Paladin
39:46 Husbandry
39:57 Bloodlines
40:54 Hand Cart
42:44 Iron Casting
42:14 Scale Barding Armor
43:27 Theocracy
42:48 Herbal Medicine
43:08 Block Printing
43:18 Illumination
43:51 Hoardings
43:39 Halberdier
46:17 Long Swordsman
48:43 Town Watch
☁Dorkie✪ ヅ
10:36 Feudal Age
14:48 Castle Age
13:40 Double-Bit Axe
14:21 Horse Collar
16:52 Heavy Plow
18:08 Gold Mining
25:24 Imperial Age
23:19 Padded Archer Armor
24:21 Leather Archer Armor
23:57 Fletching
24:59 Loom
28:44 Conscription
29:44 Ring Archer Armor
30:45 Chemistry
32:05 Wheelbarrow
31:15 Town Watch
37:20 Hand Cart
37:05 Bodkin Arrow
36:54 Treadmill Crane
38:12 Bow Saw
38:54 Arquebus
40:46 Scale Mail Armor
40:56 Forging
41:30 Man-at-Arms
42:39 Long Swordsman
44:20 Chain Mail Armor
44:41 Iron Casting
mmpkitos
0:51 Loom
9:55 Feudal Age
10:57 Double-Bit Axe
11:54 Wheelbarrow
19:51 Castle Age
22:52 Fletching
23:03 Padded Archer Armor
23:20 Crossbowman
28:08 Leather Archer Armor
30:41 Bodkin Arrow
33:42 Gold Mining
39:31 Ballistics
38:52 Treadmill Crane
40:22 Stone Mining
41:07 Gold Shaft Mining
Cpt Wetbeard
11:18 Feudal Age
15:49 Castle Age
13:40 Double-Bit Axe
19:16 Scale Barding Armor
19:25 Forging
24:05 Bow Saw
26:45 Wheelbarrow
26:00 Loom
28:01 Chain Barding Armor
29:49 Caravan
30:53 Iron Casting
30:52 Husbandry
39:16 Imperial Age
39:24 Cavalier
43:34 Plate Barding Armor
44:02 Blast Furnace
43:37 Conscription
marcobecerrap
10:28 Feudal Age
12:17 Wheelbarrow
11:28 Double-Bit Axe
15:29 Castle Age
14:10 Horse Collar
14:43 Stone Mining
15:48 Gold Mining
25:45 Fletching
25:56 Padded Archer Armor
27:07 Thumb Ring
27:28 Bow Saw
27:51 Loom
28:28 Elite Skirmisher
30:48 Murder Holes
31:15 Pikeman
31:56 Squires
31:42 Arson
35:20 Ballistics
40:46 Imperial Age
41:03 Caravan
40:59 Bodkin Arrow
41:20 Leather Archer Armor
41:48 Forging
41:40 Scale Mail Armor
42:44 Chemistry
42:52 Bracer
43:55 Fortified Wall
43:56 Masonry
44:28 Ring Archer Armor
44:34 Iron Casting
46:24 Conscription
46:11 Scale Barding Armor
46:56 Gold Shaft Mining
46:57 Stone Shaft Mining
46:41 Chain Mail Armor
48:58 Blast Furnace
48:19 Chain Barding Armor
48:06 Tuntian
Mr Killson
2:56 Loom
3:10 Loom
11:10 Feudal Age
13:56 Wheelbarrow
14:24 Double-Bit Axe
14:51 Gold Mining
17:32 Castle Age
20:03 Forging
19:58 Scale Barding Armor
20:08 Horse Collar
21:40 Heavy Plow
22:55 Town Watch
22:57 Loom
25:19 Husbandry
25:29 Bloodlines
25:58 Iron Casting
25:43 Chain Barding Armor
25:43 Stone Mining
26:39 Gold Shaft Mining
26:45 Fletching
26:56 Padded Archer Armor
27:49 Stone Shaft Mining
27:55 Hand Cart
29:16 Chain Barding Armor
35:19 Caravan
35:53 Ballistics
35:43 Fortified Wall
35:25 Heated Shot
37:45 Fletching
37:55 Padded Archer Armor
40:33 Imperial Age
38:04 Town Patrol
41:29 Thumb Ring
41:54 Conscription
42:01 Kshatriyas
42:27 Bodkin Arrow
43:07 Plate Barding Armor
42:48 Leather Archer Armor
44:01 Bracer
45:03 Chemistry
44:11 Elite Elephant Archer
46:25 Frontier Guards
47:07 Siege Elephant
Uruz_7
10:16 Feudal Age
10:48 Double-Bit Axe
18:18 Castle Age
16:19 Arson
16:42 Scale Mail Armor
17:36 Forging
21:48 Gambesons
30:20 Gold Mining
34:57 Gold Shaft Mining
36:42 Wheelbarrow
36:50 Chain Mail Armor
37:11 Iron Casting
40:08 Imperial Age
37:57 Squires
41:52 Loom
41:50 Elite Varangian Guard
43:05 Plate Mail Armor
43:08 Conscription
43:59 Town Watch
45:17 Arson
46:18 Shield Wall
47:17 Horse Collar
小迟爱吃
11:23 Feudal Age
12:09 Double-Bit Axe
15:35 Castle Age
16:32 Bow Saw
23:02 Scale Barding Armor
24:20 Fletching
25:45 Wheelbarrow
25:00 Town Watch
25:02 Loom
25:11 Gold Mining
25:24 Husbandry
27:42 Hand Cart
28:40 Gold Shaft Mining
31:05 Imperial Age
29:49 Stone Mining
30:11 Corvinian Army
30:25 Horse Collar
31:54 Bloodlines
32:20 Conscription
33:10 Heavy Plow
34:14 Two-Man Saw
32:47 Sappers
33:03 Elite Magyar Huszar
35:00 Crop Rotation
35:04 Chain Barding Armor
35:30 Town Patrol
39:28 Chemistry
39:12 Plate Barding Armor
40:08 Padded Archer Armor
39:38 Heavy Cavalry Archer
40:45 Parthian Tactics
40:51 Ballistics
40:14 Treadmill Crane
42:06 Murder Holes
42:23 Masonry
42:05 Fletching
42:34 Leather Archer Armor
43:28 Recurve Bow
44:07 Ring Archer Armor
43:37 Bodkin Arrow
45:14 Bracer
45:22 Siege Engineers
45:12 Guard Tower
46:00 Hoardings
46:15 Coinage
48:32 Banking
Connection lost

Rejoining the realm…

Still unreachable

The connection could not be restored.

Session expired

The server has moved on; the page needs a fresh start.